 Dungeon Crawl Stone Soup version 0.32-a0-913-g739538afd8 (webtiles) character file.

Game seed: 17656527465035615371

15660 spaghetti the Necromancer (level 12, -7/139 HPs)
             Began as a Naga Chaos Knight on Apr 9, 2024.
             Was a Plaything of Xom.
             Killed by an exploding death yak (20 damage)
             ... ignited by their inner flame
             ... on level 1 of the Lair of Beasts.
             The game lasted 00:17:20 (11813 turns).

spaghetti the Necromancer (Naga Chaos Knight)      Turns: 11813, Time: 00:17:21

Health: -7/139     AC: 11    Str: 31    XL:     12   Next: 29%
Magic:  0/20       EV:  8    Int: 13    God:    Xom [..*...]
Gold:   140        SH:  0    Dex: 13    Spells: 5/20 levels left

rFire   . . .        p - +1 great sword (elec)
rCold   . . .        (shield currently unavailable)
rNeg    . . .        b - +3 leather armour
rPois   +            (no helmet)
rElec   .            a - +0 cloak
rCorr   .            (no gloves)
SInv    +            (no barding)
Will    +....        d - amulet of guardian spirit
Stlth   +            e - +6 ring of strength
HPRegen 0.43/turn    h - +6 ring of strength
MPRegen 0.17/turn

%: random rage (9%), guardian spirit
@: death channelling, attractive, very slow
A: AC +4, large, see invisible, deformed body, poison resistance, slowness 2,
spit poison 1, naga tail 1, iridescent scales 1, berserk 2, high MP 1, robust 2,
strong 1
a: Spit Poison, Renounce Religion


You were on level 1 of the Lair of Beasts.
You worshipped Xom.
You were a toy of Xom.
You visited 2 branches of the dungeon, and saw 10 of its levels.

You collected 443 gold pieces.
You spent 303 gold pieces at shops.

Inventory:

Hand Weapons
 f - a +1 dagger of venom
 p - a +1 great sword of electrocution (weapon)
Armour
 a - a +0 cloak (worn)
 b - a +3 leather armour (worn)
Jewellery
 c - an amulet of the acrobat
 d - an amulet of guardian spirit (around neck)
 e - a +6 ring of strength (left hand)
 h - a +6 ring of strength (right hand)
 o - an amulet of reflection
 t - the ring "Naguiw" {rPois Will+ rCorr Stlth-}
   (You found it on level 6 of the Dungeon)

   [ring of resist corrosion]

   rPois:     It protects you from poison.
   Will+:     It increases your willpower.
   rCorr:     It protects you from acid and corrosion.
   Stlth-:    It makes you less stealthy.
Wands
 l - a wand of iceblast (5)
 r - a wand of flame (12)
Scrolls
 g - a scroll of vulnerability
 i - a scroll of identify
 j - a scroll of amnesia
 n - a scroll of enchant armour
 v - a scroll of enchant weapon
 w - a scroll of fog
Potions
 k - a potion of attraction


   Skills:
 - Level 10.0 Fighting
 + Level 7.4 Long Blades
 - Level 1.5 Armour
 - Level 0.7 Dodging
 - Level 4.5 Spellcasting
 - Level 15.0 Necromancy


You had 5 spell levels left.
You knew the following spells:

 Your Spells              Type           Power      Damage    Failure   Level
a - Animate Dead          Necr           41%        N/A       1%          4
b - Death Channel         Necr           20%        N/A       7%          6
c - Borgnjor's Vile Clut  Necr/Erth      11%        N/A       28%         5

Your spell library contained the following spells:

 Spells                   Type           Power      Damage    Failure   Level
 Kiss of Death            Conj/Necr      88%        2d12      1%          1
 Dispel Undead            Necr           41%        3d16      1%          4
 Apportation              Tloc           4%         N/A       22%         1
 Ensorcelled Hibernation  Hex/Ice        4%         N/A       32%         2
 Jinxbite                 Hex            4%         N/A       32%         2
 Confusing Touch          Hex            2%         N/A       54%         3
 Passwall                 Erth           2%         N/A       54%         3
 Swiftness                Air            2%         N/A       54%         3
 Alistair's Intoxication  Alch           1%         N/A       99%         5


Dungeon Overview and Level Annotations

Branches:
Dungeon (8/15)             Temple (0/1) D:4            Lair (2/5) D:8
 Shoals (0/4) Lair:2
  Snake: Lair:2-3    Spider: Lair:2-3

Altars:
Fedhas
Kikubaaqudgha
Zin

Shops:
D:3 (   D:5 ?

Annotations:
D:6 1 runed translucent door, Zonian's ghost, novice GrWn
Lair:1 3 runed translucent doors, zazu2006's ghost, novice GnWn
Lair:2 Nergalle


Innate Abilities, Weirdness & Mutations

Your serpentine skin is tough. (AC +4)
You have supernaturally acute eyesight. (SInv)
Armour fits poorly on your strangely shaped body.
Your system is resistant to poisons. (rPois)
You cover ground very slowly.
You can spit poison.
You have a snake-like lower body.
You are partially covered in iridescent scales. (AC +2)
You have an uncontrollable temper.
You have an increased reservoir of magic. (+10% MP)
You are very robust. (+20% HP)
Your muscles are strong. (Str +4, Int/Dex -1)


Message History

Unknown command.
Unknown command.
The death yak attacks as it pursues you!
The death yak gores you.
* * * LOW HITPOINT WARNING * * *
The death yak attacks as it pursues you!
The death yak gores you but does no damage.
The death yak gores you.
* * * LOW HITPOINT WARNING * * *
Unknown command.
Unknown command.
The death yak attacks as it pursues you!
The death yak barely misses you.
Unknown command.
Unknown command.
Unknown command.
Your spectral death yak gores the death yak!
Flame seeps out of the death yak.
The death yak closely misses you.
The death yak is engulfed in blazing flames.
The death yak explodes!
The fiery explosion engulfs the death yak!!
The fiery explosion engulfs the death yak!!!
Flame seeps out of the death yak.
The death yak is almost dead.
The fiery explosion engulfs your spectral death yak!!
Your spectral death yak is moderately damaged.
The fiery explosion engulfs the death yak!!
Flame seeps out of the death yak.
The death yak is almost dead.
The fiery explosion engulfs your spectral death yak!!
Your spectral death yak is moderately damaged.
The death yak explodes!
The fiery explosion engulfs the death yak!
The fiery explosion engulfs the death yak!!
The fiery explosion engulfs your spectral death yak.
Your spectral death yak is lightly damaged.
The death yak explodes!
The fiery explosion engulfs you!!
You die...
Xom snickers!

### ###
#@#########.######
##§ZZ.§○.§........
#§○Z.§○§☼........
#.Z..§§○.........
#................
#................
#................
#................
#................


You could see 4 friendly spectral death yaks.

Vanquished Creatures
  A hydra (Lair:2)
  A two-headed ogre (D:7)
  4 death yaks (Lair:1)
  A deep elf pyromancer (D:7)
  A black mamba (Lair:1)
  6 komodo dragons
  A rime drake (Lair:1)
  Prince Ribbit (D:6)
  3 blink frogs (Lair:2)
  14 yaks
  A basilisk (Lair:1)
  2 water moccasins
  A sky beast (D:7)
  2 black bears
  2 wolves (Lair:2)
  2 ice beasts
  4 ogres
  2 centaurs
  A komodo dragon zombie (Lair:1)
  A phantom (D:5)
  3 bullfrogs
  A gnoll sergeant (D:5)
  2 scorpions
  A howler monkey (D:5)
  A hound (D:4)
  2 orc priests (D:2)
  6 jellies
  Crazy Yiuf (D:2)
  4 iguanas
  A sleepcap (D:5)
  2 orc wizards
  12 adders
  6 gnolls (D:5)
  A shadow imp (D:5)
  An ufetubus (D:6)
  2 dart slugs
  4 orcs
  5 ball pythons
  3 endoplasms
  4 giant cockroaches (D:1)
  10 goblins
  10 hobgoblins
  11 jackals
  7 quokkas
  5 bats
  2 frilled lizards (D:1)
  4 kobolds
  4 rats
166 creatures vanquished.

Vanquished Creatures (collateral kills)
  A death yak (Lair:1)
  A black mamba (Lair:1)
  2 cane toads (Lair:1)
  5 komodo dragons
  2 polar bears (Lair:1)
  6 blink frogs
  6 yaks
  A golden eye (shapeshifter) (Lair:1)
  A steam dragon (D:7)
  3 water moccasins
  8 wolves
  3 bullfrogs
  A howler monkey (D:6)
  An iguana (D:6)
  An orc wizard (D:7)
  An ufetubus (D:6)
  2 orcs (D:7)
45 creatures vanquished.

Vanquished Creatures (others)
  A cane toad zombie (Lair:1)
  An elf zombie (D:7)
  4 blink frog zombies (Lair:2)
  A bullfrog (D:7)
  3 komodo dragon zombies
  2 water moccasin zombies (Lair:2)
  6 yak zombies
  3 wolf zombies (Lair:2)
  A bullfrog zombie (Lair:1)
  A gnoll (D:5)
  An iguana zombie (D:6)
  A jelly zombie (D:7)
  An adder zombie (D:6)
26 creatures vanquished.

Grand Total: 237 creatures vanquished

Notes
Turn   | Place    | Note
-------+----------+-------------------------------------------
     0 | D:1      | spaghetti the Naga Chaos Knight began the quest for the
                  | Orb.
     0 | D:1      | Reached XP level 1. HP: 21/21 MP: 1/1
   169 | D:1      | Found a faded altar of an unknown god.
   169 | D:1      | XOM: 3-stop teleportation journey
   173 | D:1      | Reached XP level 2. HP: 25/28 MP: 2/2
   342 | D:1      | XOM: silly message
   391 | D:1      | XOM: silly message
   406 | D:1      | Reached XP level 3. HP: 32/34 MP: 3/3
   698 | D:1      | XOM: silly message
   984 | D:2      | Found a runed translucent door.
   985 | D:2      | Noticed Crazy Yiuf
  1100 | D:2      | Reached XP level 4. HP: 37/42 MP: 4/4
  1125 | D:2      | XOM is BORED!
  1125 | D:2      | XOM: summons 3 hostile demons
  1271 | D:2      | Reached skill level 5 in Long Blades
  1318 | D:2      | Reached XP level 5. HP: 18/49 MP: 5/5
  1479 | D:2      | XOM: noise
  1990 | D:2      | Killed Crazy Yiuf
  1991 | D:2      | XOM: smoke on damage
  2539 | D:3      | Reached skill level 1 in Spellcasting
  2539 | D:3      | Reached XP level 6. HP: 54/56 MP: 5/7
  2625 | D:3      | Found a glowing silver altar of Zin.
  2673 | D:3      | Found Hehic's Antique Weapon Boutique.
  3154 | D:4      | XOM: confuse monster(s)
  3165 | D:4      | Learned a level 4 spell: Animate Dead
  3194 | D:4      | Found a staircase to the Ecumenical Temple.
  3303 | D:4      | XOM: smoke on damage
  3307 | D:4      | XOM: 7-stop teleportation journey
  3395 | D:4      | XOM: 1-stop teleportation journey
  3417 | D:4      | You fall into a shaft and drop 2 floors!
  3436 | D:6      | XOM: give mutation
  3436 | D:6      | Gained mutation: You sometimes lose your temper in combat.
                  | [Xom's mischief]
  3457 | D:6      | Reached skill level 1 in Necromancy
  3457 | D:6      | Noticed Prince Ribbit
  3478 | D:6      | XOM: confusion
  3504 | D:6      | XOM: draining
  3514 | D:6      | Killed Prince Ribbit
  3515 | D:6      | Reached skill level 2 in Necromancy
  3515 | D:6      | Reached XP level 7. HP: 34/62 MP: 3/11
  3707 | D:6      | Found a runed translucent door.
  3708 | D:6      | Noticed Zonian's ghost (novice GrWn)
  3726 | D:6      | XOM: give mutations
  3726 | D:6      | Gained mutation: You have hidden genetic defects. [Xom's
                  | mischief]
  3726 | D:6      | Gained mutation: You are robust. (+10% HP) [Xom's mischief]
  3726 | D:6      | Gained mutation: You have an increased reservoir of magic.
                  | (+10% MP) [Xom's mischief]
  3764 | D:6      | Reached skill level 3 in Necromancy
  3915 | D:6      | XOM: fog
  3938 | D:6      | Gained mutation: Your body sometimes deteriorates upon
                  | taking damage. [hidden defects]
  4018 | D:6      | XOM: give mutations
  4018 | D:6      | Gained mutation: Your muscles are strong. (Str +4, Int/Dex
                  | -1) [Xom's grace]
  4018 | D:6      | Gained mutation: You are very robust. (+20% HP) [Xom's
                  | grace]
  4049 | D:5      | Entered Level 5 of the Dungeon
  4061 | D:5      | XOM: scenery: 1 doors open
  4071 | D:5      | Reached skill level 4 in Necromancy
  4081 | D:5      | Gained mutation: You have an uncontrollable temper. [hidden
                  | defects]
  4081 | D:5      | Lost mutation: You have hidden genetic defects. [hidden
                  | defects expressed]
  4132 | D:5      | XOM: scenery: 1 doors open, 1 doors close
  4140 | D:5      | XOM: confuse monster(s)
  4146 | D:5      | Reached XP level 8. HP: 82/82 MP: 13/16
  4250 | D:5      | Learned a level 6 spell: Death Channel
  4254 | D:5      | XOM: noise
  4271 | D:5      | XOM: enchant monster (good)
  4283 | D:5      | XOM: divination: magic mapping
  4296 | D:5      | XOM: enchant monster (good)
  4310 | D:5      | Reached skill level 5 in Necromancy
  4861 | D:4      | Found a blossoming altar of Fedhas.
  4863 | D:4      | Found an ancient bone altar of Kikubaaqudgha.
  4985 | D:5      | XOM: confuse monster(s)
  4988 | D:5      | Reached skill level 6 in Necromancy
  5265 | D:3      | Bought a glowing great sword for 228 gold pieces
  5520 | D:5      | Found Nour's Magic Scroll Emporium.
  5547 | D:5      | XOM: potion effect (might)
  5549 | D:5      | Reached skill level 7 in Necromancy
  5554 | D:5      | XOM: cloud trail
  6027 | D:6      | XOM: cast spell 'Summon Small Mammal'
  6034 | D:6      | Reached skill level 8 in Necromancy
  6034 | D:6      | Reached XP level 9. HP: 89/90 MP: 11/17
  6205 | D:6      | XOM: 1-stop teleportation journey
  6290 | D:7      | XOM: potion effect (attraction)
  6297 | D:7      | Reached skill level 9 in Necromancy
  6477 | D:7      | XOM: divination: magic mapping
  6523 | D:7      | XOM: noise
  6527 | D:7      | Reached skill level 10 in Necromancy
  6532 | D:7      | XOM: confusion (+ monsters)
  6787 | D:7      | Reached skill level 11 in Necromancy
  6800 | D:7      | Reached XP level 10. HP: 57/100 MP: 6/18
  7142 | D:5      | Bought a scroll of enchant weapon for 75 gold pieces
  7431 | D:6      | Identified the ring "Naguiw" {rPois Will+ rCorr Stlth-}
  7851 | D:6      | XOM: give mutations
  7851 | D:6      | Lost mutation: You have an increased reservoir of magic.
                  | (+10% MP) [Xom's mischief]
  7851 | D:6      | Lost mutation: Your body sometimes deteriorates upon taking
                  | damage. [Xom's mischief]
  7851 | D:6      | Gained mutation: You have an increased reservoir of magic.
                  | (+10% MP) [Xom's mischief]
  7851 | D:6      | Gained mutation: You are partially covered in iridescent
                  | scales. (AC +2) [Xom's mischief]
  8031 | D:7      | Noticed a deep elf pyromancer
  8049 | D:8      | Noticed a two-headed ogre
  8087 | D:7      | Killed a deep elf pyromancer
  8088 | D:7      | Reached skill level 12 in Necromancy
  8292 | D:7      | Noticed a two-headed ogre
  8293 | D:7      | XOM: potion effect (brilliance)
  8306 | D:7      | XOM: enchant monster (bad)
  8308 | D:7      | XOM: enchant monster (bad)
  8310 | D:7      | XOM: divination: detect creatures
  8313 | D:7      | Killed a two-headed ogre
  8328 | D:7      | XOM: silly message
  8437 | D:7      | XOM: enchant monster (good)
  8729 | D:8      | Found a staircase to the Lair.
  8739 | Lair:1   | Entered Level 1 of the Lair of Beasts
  8740 | Lair:1   | Noticed a cane toad
  8741 | Lair:1   | XOM: smoke on damage
  8743 | Lair:1   | Reached skill level 13 in Necromancy
  8748 | Lair:1   | XOM: divination: magic mapping
  8756 | Lair:1   | Killed a cane toad
  9013 | Lair:1   | XOM: confuse monster(s)
  9017 | Lair:1   | Noticed zazu2006's ghost (novice GnWn)
  9017 | Lair:1   | Noticed a minotaur
  9018 | Lair:1   | Reached skill level 14 in Necromancy
  9018 | Lair:1   | XOM: confuse monster(s)
  9020 | Lair:1   | Noticed a black mamba
  9021 | Lair:1   | Reached XP level 11. HP: 95/108 MP: 5/19
  9043 | Lair:1   | Learned a level 5 spell: Borgnjor's Vile Clutch
  9446 | Lair:1   | Reached skill level 15 in Necromancy
  9534 | Lair:1   | Found a runed translucent gate.
  9535 | Lair:1   | Found a runed translucent gate.
  9535 | Lair:1   | Found a runed translucent gate.
  9638 | Lair:1   | XOM: stat loss: -1 Str (24/25)
  9654 | Lair:1   | Reached skill level 5 in Fighting
  9790 | Lair:1   | XOM: enchant monster (bad)
  9894 | Lair:1   | Noticed a death yak
  9895 | Lair:1   | Noticed a death yak
  9895 | Lair:1   | Noticed a death yak
  9895 | Lair:1   | Noticed a death yak
  9895 | Lair:1   | Noticed a death yak
 10022 | Lair:2   | Found a staircase to the Shoals.
 10412 | Lair:2   | XOM: fog
 10812 | Lair:2   | XOM: divination: detect creatures
 11065 | Lair:2   | Reached XP level 12. HP: 92/136 MP: 6/20
 11244 | Lair:2   | Noticed a six-headed hydra
 11251 | Lair:2   | Killed a six-headed hydra
 11283 | Lair:2   | Noticed Nergalle
 11283 | Lair:2   | XOM: 1-stop teleportation journey
 11284 | Lair:2   | XOM: divination: detect creatures
 11390 | Lair:2   | XOM: noise
 11500 | Lair:1   | XOM: enchant monster (good)
 11501 | Lair:1   | XOM: potion effect (magic)
 11525 | Lair:1   | Reached skill level 10 in Fighting
 11671 | Lair:1   | XOM is BORED!
 11671 | Lair:1   | XOM: polymorph blink frog -> shapeshifter
 11798 | Lair:1   | XOM: potion effect (attraction)
 11803 | Lair:1   | XOM: smoke on damage
 11806 | Lair:1   | XOM: potion effect (magic)
 11808 | Lair:1   | Killed a death yak
 11813 | Lair:1   | Killed a death yak
 11813 | Lair:1   | Killed a death yak
 11813 | Lair:1   | Killed a death yak
 11813 | Lair:1   | Killed a death yak
 11813 | Lair:1   | Killed by an exploding death yak... ignited by their inner
                  | flame

Illustrated notes

Levels and vault maps discovered:
D:1:      shiori_shiawase, layout_loops_ring,
          hellmonk_ecumenical_altar_pennies_from_heaven
D:2:      layout_loops_cross, uniq_crazy_yiuf_cottage
D:3:      layout_basic, zin_statuary, serial_shops, shop, minivault_14
D:4:      minmay_spotlight, layout_loops_ring,
          grunt_temple_overflow_growth_and_decay, minmay_temple_entry_grid
D:5:      layout_gridville, serial_shops, kennysheep_mini_moat, serial_glass,
          glass_columns_c, glass_columns_a, minmay_quadrilaterals
D:6:      layout_cave_pools, gammafunk_ghost_grave, serial_co_window_serial,
          co_window_paths_a, co_window_of_opportunity_a, co_window_paths_b,
          co_window_paths_a, co_window_of_opportunity_a, co_window_broadway_a,
          co_window_of_opportunity_c, co_window_broadway_b, co_window_2corner,
          co_window_sun, co_window_paths_d, glass_columns_a, glass_columns_c,
          glass_columns_c, uniq_prince_ribbit1
D:7:      minmay_chambers_of_sevens, layout_basic
D:8:      hellmonk_crumbling_castle, layout_basic, lair_entry_dummy, uniq_grum,
          uniq_joseph
Lair:1:   layout_big_grid, maelrawn_ghost_gauntlet_escape,
          amcnicky_mini_pool_medium, grunt_megastairs_2
Lair:2:   layout_small_grid, elwin_shoals_entry_rocks, beast_lair_carwin_6,
          grunt_megastairs_4, lemuel_fruit_tree, uniq_nergalle

Skill      XL: |  1  2  3  4  5  6  7  8  9 10 11 12 |
---------------+-------------------------------------+-----
Long Blades    | 4 5 6 7 |  7.4
Spellcasting   | 1 3 4 |  4.5
Necromancy     | 2 4 8 11 14 15 | 15.0
Fighting       | 9 10 | 10.0
Armour         | |  1.5
Dodging        | |  0.7

Action                     |  1- 3 |  4- 6 |  7- 9 | 10-12 || total
---------------------------+-------+-------+-------+-------++-------
  Melee: Falchion          |     9 |       |       |       ||     9
         Dagger            |    82 |   169 |   135 |       ||   386
         Great sword       |       |       |    83 |   177 ||   260
   Cast: Animate Dead      |       |       |     5 |     8 ||    13
         Death Channel     |       |       |       |    21 ||    21
         Borgnjor's Vile C |       |       |       |     2 ||     2
Ability: Spit Poison       |    14 |    31 |    25 |    26 ||    96
  Evoke: Wand              |       |       |       |     3 ||     3
    Use: Scroll            |     3 |     2 |     1 |     9 ||    15
         Potion            |     3 |     4 |     6 |     8 ||    21
   Stab: Confused          |       |     1 |     2 |     1 ||     4
         Petrified         |       |       |     3 |     5 ||     8
         Distracted        |       |       |     1 |     1 ||     2
         Invisible         |       |       |       |     2 ||     2
 Armour: Leather armour    |   115 |   125 |   192 |   287 ||   719
  Dodge: Dodged            |    63 |    68 |   111 |   121 ||   363

Table legend: (Time is in decaauts)
 A = Elapsed time spent in this place.
 B = Non-inter-level travel time spent in this place.
 C = Inter-level travel time spent in this place.
 D = Time resting spent in this place.
 E = Time spent auto-exploring this place.
 F = Levels seen in this place.
 G = Mean time per level.
                   A        B        C        D        E       F      G
               +--------+--------+--------+--------+--------+-----+--------+
         Total |  14421 |  13571 |    850 |   1431 |  10294 |  10 | 1442.1 |
       Dungeon |  10933 |  10183 |    750 |   1054 |   7750 |   8 | 1366.6 |
          Lair |   3488 |   3389 |     99 |    376 |   2543 |   2 | 1744.0 |
               +--------+--------+--------+--------+--------+-----+--------+

Top non-repeatable levels by time:
     D:6: 2383 daAuts
  Lair:2: 1773 daAuts
     D:5: 1754 daAuts
  Lair:1: 1714 daAuts
     D:7: 1710 daAuts
     D:2: 1432 daAuts
     D:3: 1399 daAuts
     D:1: 1218 daAuts
     D:4: 1016 daAuts
     D:8: 17 daAuts
